 Dungeon Crawl Stone Soup version 0.28-a0-172-g787e458d71 (webtiles) character file.

Game seed: 9505799685822164195

205 omnomnOMINOUS the Conjurer (level 5, -14/33 HPs)
             Began as an Octopode Hedge Wizard on Aug 16, 2021.
             Was a Priest of Vehumet.
             Demolished by an ogre (21 damage)
             ... on level 4 of the Dungeon.
             The game lasted 00:18:37 (4020 turns).

omnomnOMINOUS the Conjurer (Octopode Hedge Wizard)  Turns: 4020, Time: 00:18:38

Health: -14/33     AC:  1    Str:  9    XL:     5   Next: 83%
Magic:  1/11       EV: 13    Int: 18    God:    Vehumet [***...]
Gold:   170        SH:  0    Dex: 11    Spells: 4/12 levels left

rFire   . . .      SeeInvis .   a - +1 long sword (holy)
rCold   . . .      Faith    .   (no shield)
rNeg    . . .      Spirit   .   d - +0 hat
rPois   .          Reflect  .   (no amulet)
rElec   .          Harm     .   (no ring)
rCorr   .          Rampage  .   (no ring)
Will    .....                   (no ring)
Stlth   +++.......              (no ring)
HPRegen 0.11/turn               (no ring)
MPRegen 0.12/turn               (no ring)
                                (no ring)
                                (no ring)

@: no status effects
A: almost no armour, amphibious, 8 rings, camouflage 1, gelatinous body 1,
(nimble swimmer 1), tentacles
a: Renounce Religion


You were on level 4 of the Dungeon.
You worshipped Vehumet.
Vehumet was most pleased with you.
You visited 2 branches of the dungeon, and saw 5 of its levels.

You collected 170 gold pieces.

Inventory:

Hand Weapons
 a - a +1 long sword of holy wrath (weapon)
 b - a +2 hand axe of flaming
 o - a +0 quarterstaff
Armour
 d - a +0 hat (worn)
Scrolls
 c - 4 scrolls of identify {unknown}
 e - 2 scrolls of magic mapping {unknown}
 f - a scroll of acquirement {unknown}
 g - a scroll of teleportation {unknown}
 i - a scroll of vulnerability {unknown}
 k - 2 scrolls of torment {unknown}
 l - a scroll of fear {unknown}
 m - a scroll of silence {unknown}
Potions
 h - a potion of berserk rage {unknown}
 j - a potion of magic {unknown}
 n - a potion of degeneration {unknown}


   Skills:
 + Level 1.0 Fighting
 + Level 2.3 Dodging
 - Level 2.6 Stealth
 + Level 4.0 Spellcasting
 * Level 4.3 Conjurations
 - Level 1.0 Summonings
 - Level 1.0 Translocations


You had 4 spell levels left.
You knew the following spells:

 Your Spells              Type           Power      Damage    Failure   Level
a - Magic Dart            Conj           76%        1d6       1%          1
b - Searing Ray           Conj           38%        3d4       1%          2
c - Conjure Flame         Conj/Fire      11%        6-21      5%          3
d - Blink                 Tloc           N/A        N/A       14%         2

Your spell library contained the following spells:

 Spells                   Type           Power      Damage    Failure   Level
 Poisonous Vapours        Pois/Air       6%         N/A       6%          2
 Static Discharge         Conj/Air       11%        N/A       2%          2
 Stone Arrow              Conj/Erth      22%        3d8       5%          3
 Mephitic Cloud           Conj/Pois/Air  8%         N/A       7%          3
 Call Imp                 Summ           7%         N/A       14%         2
 Slow                     Hex            3%         N/A       22%         2
 Lightning Bolt           Conj/Air       5%         1d17      38%         5
 Lehudib's Crystal Spear  Conj/Erth      5%         10d3      100%        8
 Maxwell's Capacitive Co  Air            1%         ∞         100%        8
 Animate Armour           Summ/Erth      Unusable   N/A       N/A         4

Dungeon Overview and Level Annotations

Branches:
Dungeon (4/15)             Temple (1/1) D:4

Altars:
Ashenzari
Cheibriados
Dithmenos
Fedhas
Gozag
Hepliaklqana
Kikubaaqudgha
Makhleb
Qazlal
Ru
Sif Muna
Uskayaw
Vehumet
Wu Jian
Xom
Yredelemnul
Zin
The Shining One


Innate Abilities, Weirdness & Mutations

You cannot wear most types of armour.
You are amphibious.
You can wear up to eight rings at the same time.
Your skin changes colour to match your surroundings (Stealth+).
Your rubbery body absorbs attacks. (AC +1, EV +1)
((You are camouflaged near water. (Stealth+)))
You have tentacles for arms and can constrict up to eight enemies at once.


Message History

Aiming: Searing Ray (safe; 1% risk of failure)
Press: ? - help, Shift-Dir - straight line, f - ogre
Aim: an ogre, wielding a +0 giant spiked club (89% to hit)
The searing ray misses the ogre. (Press . to maintain the ray.) Unknown command.
The searing ray hits the ogre!
The ogre is moderately wounded.
The searing ray hits the ogre!
The ogre is heavily wounded.
The searing ray hits the ogre.
The ogre is severely wounded.
You finish channeling your searing ray.
The ogre hits you with a +0 giant spiked club!!
Ouch! That really hurt!
* * * LOW HITPOINT WARNING * * *
Unknown command.
You aren't carrying any items that you can evoke.
Unknown command.
Unknown command.
Okay, then.
Unknown command.
Unknown command.
Press: ? - help, v - describe, . - travel
Here: an ogre, wielding a +0 giant spiked club (severely wounded)
The floor.
Unknown command.
Okay, then.
Unknown command.
Casting: Searing Ray (safe; 1% risk of failure)
Confirm with . or Enter, or press ? or * to list all spells.
Aiming: Searing Ray (safe; 1% risk of failure)
Press: ? - help, Shift-Dir - straight line, f/p - ogre
Aim: an ogre, wielding a +0 giant spiked club (severely wounded, 89% to hit)
The searing ray hits the ogre!
The ogre is almost dead. (Press . to maintain the ray.)
The ogre hits you with a +0 giant spiked club!!
Ouch! That really hurt!
You die...

#.##.....#...#.##.#
#.#......##.##)##.###
#.#..#......##.#....#
#......#.#####..#...#
##....##.......#....#
#..#.##.########..##
#..#.##.###### ##.# #
##............# #.#
..#.##...#.###.§@..# #.#
.........#.....O...####.###
..#.##..[#####.....#......#
# #.### #.....#.##.#.# #.#
#######.#....# #.# ###
#......#
#.######.######.#....#
#............##.##.#.#
######.#.###.##......#


You could see an ogre.

Vanquished Creatures
  A hound (D:4)
  An iguana (D:4)
  6 adders
  A worm (D:2)
  3 dart slugs
  3 orcs (D:3)
  8 ball pythons
  7 endoplasms
  7 giant cockroaches
  4 goblins
  12 hobgoblins
  6 quokkas
  5 bats
  2 frilled lizards
  6 kobolds
  9 rats
81 creatures vanquished.

Notes
Turn   | Place    | Note
-------+----------+-------------------------------------------
     0 | D:1      | omnomnOMINOUS the Octopode Hedge Wizard began the quest for
                  | the Orb.
     0 | D:1      | Reached XP level 1. HP: 11/11 MP: 4/4
   182 | D:1      | Reached XP level 2. HP: 17/17 MP: 6/6
   185 | D:1      | Learned a level 2 spell: Blink
   185 | D:1      | Found a faded altar of an unknown god.
   188 | D:1      | Became a worshipper of Vehumet
   188 | D:1      | Reached * piety under Vehumet
   188 | D:1      | Offered knowledge of Sandblast by Vehumet.
   557 | D:1      | Reached XP level 3. HP: 21/21 MP: 4/7
   629 | D:1      | Learned a level 3 spell: Conjure Flame
   964 | D:1      | Reached ** piety under Vehumet
   966 | D:1      | Offered knowledge of Searing Ray by Vehumet.
   970 | D:1      | Learned a level 2 spell: Searing Ray
  1597 | D:2      | Reached XP level 4. HP: 27/27 MP: 9/9
  2592 | D:3      | Offered knowledge of Poisonous Vapours by Vehumet.
  3350 | D:4      | Reached XP level 5. HP: 31/31 MP: 5/10
  3601 | D:4      | Noticed an ogre
  3622 | D:4      | Reached *** piety under Vehumet
  3700 | D:4      | Found a staircase to the Ecumenical Temple.
  3723 | Temple   | Entered the Ecumenical Temple
  3989 | D:4      | Reached skill level 1 in Fighting
  4020 | D:4      | Demolished by an ogre

Illustrated notes

Levels and vault maps discovered:
D:1:      minmay_arrival_floating_metal, layout_rooms, serial_aquarium,
          aquarium_bridge_square [aquarium_subvault_wall,
          aquarium_subvault_bridge, aquarium_subvault_balcony,
          aquarium_subvault_bridge], aquarium_bridge_straight
          [aquarium_subvault_bridge, aquarium_subvault_balcony,
          aquarium_subvault_bridge, aquarium_subvault_balcony],
          aquarium_window_1, aquarium_window_fake, aquarium_view_2e,
          aquarium_view_2d, aquarium_balcony_1b, aquarium_pool_five,
          hellmonk_ecumenical_altar_inner_sanctum
D:2:      layout_loops_ring, serial_forest, infiniplex_forest_zigzag_2,
          infiniplex_forest_lined_2, infiniplex_forest_straight_4,
          infiniplex_forest_clump_tiny, infiniplex_forest_clump_tiny,
          infiniplex_forest_lined_4_way, infiniplex_forest_lined_ring
D:3:      layout_basic, mrwooster_statue_mirror
D:4:      layout_loops_cross, minmay_temple_entry_antechambers
Temple:   regret_index_temple_mists

Skill      XL: |  1  2  3  4  5 |
---------------+----------------+-----
Conjurations   | 2 3 4 |  4.3
Spellcasting   | 4 |  4.0
Fighting       | 1 |  1.0
Dodging        | |  2.3
Stealth        | |  2.6
Summonings     | |  1.0
Translocations | |  1.0

Action                   |  1- 3 |  4- 6 || total
-------------------------+-------+-------++-------
Melee: Dagger            |    64 |    13 ||    77
       Flail             |     4 |       ||     4
       Tentacles         |    19 |     2 ||    21
       Constrict         |    20 |    12 ||    32
       Long sword        |       |    28 ||    28
 Cast: Magic Dart        |    19 |     1 ||    20
       Searing Ray       |     4 |    17 ||    21
       Conjure Flame     |       |     1 ||     1
 Stab: Sleeping          |     5 |     9 ||    14
Armor: Skin              |     7 |     3 ||    10
Dodge: Dodged            |    34 |    32 ||    66
       Rpst.: Long sword |       |     5 ||     5

Table legend: (Time is in decaauts)
 A = Elapsed time spent in this place.
 B = Non-inter-level travel time spent in this place.
 C = Inter-level travel time spent in this place.
 D = Time resting spent in this place.
 E = Time spent auto-exploring this place.
 F = Levels seen in this place.
 G = Mean time per level.
                   A        B        C        D        E       F      G
               +--------+--------+--------+--------+--------+-----+--------+
         Total |   4031 |   3940 |     91 |   1119 |   1950 |   5 |  806.2 |
       Dungeon |   3913 |   3839 |     74 |   1119 |   1851 |   4 |  978.2 |
        Temple |    117 |    100 |     17 |      0 |     99 |   1 |  117.0 |
               +--------+--------+--------+--------+--------+-----+--------+

Top non-repeatable levels by time:
     D:3: 1227 daAuts
     D:1: 1184 daAuts
     D:2: 906 daAuts
     D:4: 594 daAuts
  Temple: 117 daAuts
